Map: Jagannatha LE

Players

A.I. 1 (Very Easy) - Winner!

  • Race: Terran Terran
  • Spawn Location: 1:00

TheCowboy

  • Race: Protoss Protoss
  • League: Grandmaster
  • Spawn Location: 7:00

VOD

https://www.youtube.com/watch?v=X0-KjVns8vw&ab_channel=Harstem

Description

2 DT early pressure into Macro game

Time

  • Played on: Nov. 16, 2020, 3:31 a.m.
  • Length: 7:25
Show
View Real Time Build Order
Export as new Build Order

A.I. 1 (Very Easy) Terran - Winner!

Build Orders:  

Get SALT Encoding   

  12  0:00  SCV  
  13  0:13  SCV  
  14  0:18  Supply Depot  
  14  0:37  Refinery  
  14  0:41  Barracks  
  14  1:04  Supply Depot  
  14  1:12  Refinery  
  14  1:28  Marine  
  14  1:30  Orbital Command  
  15  1:56  SCV  
  16  2:08  SCV  
  17  2:16  Barracks Tech Lab  
  17  2:20  SCV  
  18  2:32  SCV  
  18  2:33  Marine  
  20  2:44  SCV  
  21  2:57  SCV  
  22  3:22  Marauder  
  24  4:56  SCV  
  22  5:04  Marine  
  20  5:08  SCV  
  20  5:11  Supply Depot  
  18  5:20  SCV  
  12  5:32  SCV  
  12  5:33  Marauder  
  7  5:44  SCV  
  6  5:56  SCV  
  6  6:02  Marauder  
  6  6:09  SCV  
  4  6:21  SCV  
  3  6:30  Marauder  
  3  6:33  SCV  
  3  6:45  SCV  
  3  6:57  SCV  
  3  6:59  Marauder  
  4  7:01  Supply Depot  
  3  7:09  SCV  
Show
View Real Time Build Order
Export as new Build Order

TheCowboy Protoss 

Build Orders: 1 Gate Expand, Dark Templar Rush 

Get SALT Encoding   

  12  0:00  Probe  
  13  0:12  Probe  
  14  0:18  Pylon  
  14  0:24  Probe (Chrono Boost)  
  15  0:36  Probe (Chrono Boost)  
  15  0:38  Gateway  
  16  0:45  Probe (Chrono Boost)  
  16  0:47  Assimilator  
  17  0:51  Probe  
  18  1:03  Probe  
  19  1:15  Probe  
  20  1:26  Cybernetics Core  
  20  1:34  Nexus  
  20  1:42  Pylon  
  20  1:44  Probe  
  21  1:52  Assimilator  
  21  1:57  Probe  
  21  1:59  Adept (Chrono Boost)  
  22  2:03  Warp Gate  
  24  2:09  Probe  
  25  2:19  Twilight Council  
  25  2:21  Probe  
  26  2:23  Adept (Chrono Boost)  
  28  2:33  Probe  
  29  2:47  Probe (Chrono Boost)  
  29  2:50  Probe (Chrono Boost)  
  31  2:55  Gateway  
  31  2:56  Probe (Chrono Boost)  
  31  2:57  Dark Shrine  
  32  3:00  Probe (Chrono Boost)  
  32  3:02  Probe  
  34  3:09  Adept  
  37  3:15  Probe x2 (Chrono Boost)  
  38  3:26  Probe (Chrono Boost)  
  40  3:28  Probe (Chrono Boost)  
  40  3:30  Probe (Chrono Boost)  
  41  3:36  Probe  
  41  3:40  Pylon  
  43  3:42  Pylon  
  44  3:52  Stalker  
  44  3:53  Stalker  
  46  3:57  Nexus  
  46  3:58  Probe  
  46  4:01  Probe  
  48  4:10  Probe  
  48  4:16  Robotics Facility  
  49  4:17  Dark Templar  
  49  4:19  Probe  
  49  4:23  Probe  
  49  4:24  Dark Templar  
  55  4:28  Assimilator  
  55  4:30  Pylon  
  55  4:31  Probe (Chrono Boost)  
  55  4:35  Probe (Chrono Boost)  
  57  4:43  Probe (Chrono Boost), Charge (Chrono Boost)  
  59  4:46  Gateway, Probe (Chrono Boost)  
  59  4:47  Pylon  
  59  4:49  Probe (Chrono Boost)  
  59  4:51  Probe (Chrono Boost)  
  60  4:53  Forge  
  60  4:58  Probe  
  62  5:03  Probe  
  62  5:04  Observer (Chrono Boost)  
  64  5:08  Sentry  
  64  5:09  Zealot  
  64  5:10  Probe  
  70  5:15  Probe  
  70  5:16  Gateway  
  70  5:17  Gateway  
  70  5:20  Protoss Ground Armor Level 1 (Chrono Boost)  
  70  5:21  Gateway  
  70  5:34  Gateway x2  
  70  5:35  Probe x2  
  72  5:36  Sentry  
  72  5:38  Zealot  
  72  5:39  Probe  
  77  5:46  Zealot  
  77  5:47  Probe x2  
  81  5:51  Probe  
  81  5:54  Immortal (Chrono Boost), Pylon  
  82  5:59  Probe  
  82  6:00  Pylon  
  87  6:04  Zealot  
  87  6:06  Probe, Pylon  
  87  6:09  Zealot  
  93  6:13  Zealot  
  93  6:14  Pylon  
  93  6:15  Zealot  
  97  6:20  Zealot  
  97  6:22  Zealot  
  97  6:25  Zealot  
  102  6:29  Zealot x2  
  102  6:32  Observer (Chrono Boost)  
  107  6:35  Zealot x2  
  111  6:43  Zealot x3  
  117  6:49  Warp Prism (Chrono Boost), Zealot  
  117  6:52  Probe  
  122  6:54  Pylon  
  122  6:57  Pylon  
  122  6:59  Pylon  
  122  7:00  Sentry  
  124  7:03  Pylon  
  124  7:04  Pylon x2  
  124  7:13  Stalker x4  
  124  7:15  Sentry  
  134  7:17  Stalker  
Tags
 
Add a new tag
Caveats
  • Supply blocks, unpowered buildings, or Contaminate may cause inaccurate times.
  • Supply counts are checked every 10 seconds.